[Event "*** Titled Tuesday Blitz"]
[Site "Chess.com"]
[Date "2020.05.05"]
[Round "8"]
[White "matiss90"]
[Black "vinniethepooh"]
[Result "0-1"]
[WhiteElo "2515"]
[BlackElo "2677"]
[TimeControl "180+1"]
[EndTime "11:37:12 PDT"]
[Termination "vinniethepooh won by checkmate"]

1. e4 c5 2. Nf3 d6 3. d4 cxd4 4. Nxd4 Nf6 5. Nc3 a6 6. Bc4 e6 7.
Bb3 Nbd7 8. Bg5 Nc5 9. f4 Be7 10. Qf3 Qc7 11. O-O b5 12. e5 Bb7 13. exd6 Bxd6 14.
Qh3 Qb6 15. Kh1 Nxb3 16. Nxb3 b4 17. Bxf6 gxf6 18. Ne2 Rg8 19. Ng3 Rg7 20. Qh6 Rg6 21. Qxh7 f5 22. Rad1 Rc8 23. Nd4 Qc5 24. Ndxf5 Bxg2+ 25. Kxg2 Qxf5 26. Qh8+ Bf8 27. Rf2 Rxc2 28. Re1 Rxf2+ 29.
Kxf2 Qxf4+ 30. Kg2 Qd2+ 31. Kf1 Rg4 32. Re2 Rf4+ 33.
Kg2 Qd5+ 34. Kh3 Qf3 35. Qh7 Qg4+ 36. Kg2 Qf3+ 37. Kh3 Be7 38. Qh8+ Kd7 39. Rd2+ Kc7 40. Qe5+ Kb7 41. Rd7+ Kc6 42. Qc7+ Kb5 43. Qb7+ Kc5 44.
Qxf3 Rxf3 45. Rxe7 Rf2 46. Kg4 Rxb2 47. h4 Rxa2 48.
h5 Rh2 49. Rxf7 b3 50. Re7 a5 51. Rb7 a4 52. Ne4+ Kd4 53. Nd6 b2 54. Kg5 Kd3 55. h6 a3 56. Nb5 a2 57. Rd7+ Kc4 58. Nd6+ Kb3 59. Ne4 a1=Q 60. Rd3+ Ka2 61. Nc3+ Kb3 62. Nb1+ Kc4 63. Rc3+ Kd4 64. Rb3 Qxb1 65. Kf6 Qf1+ 66. Ke7 b1=Q 67. Kd6 Qxb3 68. h7 Rxh7 69. Kc6 Qa6# 0-1

[Event "*** Titled Tuesday Blitz"]
[Site "Chess.com"]
[Date "2020.05.05"]
[Round "8"]
[White "Megagigahiper3345"]
[Black "Harsha_Bharathakoti"]
[Result "0-1"]
[WhiteElo "2550"]
[BlackElo "2828"]
[TimeControl "180+1"]
[EndTime "11:37:14 PDT"]
[Termination "Harsha_Bharathakoti won by resignation"]

1. d4 g6 2. e4 Bg7 3. c4 d6 4. Nc3 Nd7 5. Be2 e5 6. d5 Ne7 7.
h4 h5 8. Bg5 Nf6 9. Nf3 Ng4 10.
O-O f6 11. Bd2 O-O 12. b4 c6 13. a3 cxd5 14. cxd5 Bd7 15. Qb3 Rc8 16. Rac1 a6 17.
Rfd1 Qb6 18. Be1 Bh6 19. Rc2 Qa7 20. Nh2 Nxh2 21. Kxh2 Rc7 22. Nb1 Rfc8 23. Rxc7 Rxc7 24. Kg1 f5 25. Bd2 Bf8 26. Be3 Qb8 27. Bb6 Rc8 28. Nd2 Bh6 29. Nf1 fxe4 30. Ng3 e3 31. Bxe3 Bxe3 32.
Qxe3 Nf5 33. Nxf5 Bxf5 34. Qg5 Qc7 35. Bxh5 Qd8 36. Qxd8+ Rxd8 37. Be2 Rc8 38. Bd3 Rc3 39. Bxf5 gxf5 40. a4 Rc4 41. Rb1 Rxh4 42. b5 a5 43.
Rc1 Rxa4 44. Rc8+ Kf7 45. Rc7+ Kf6 46. Rxb7 Rd4 47. Ra7 Rxd5 48. Rxa5 e4 49. Kf1 Ke5 50.
Ke2 Rc5 51. g3 d5 52. Kd2 d4 53. Ra8 Rxb5 54. Re8+ Kf6 55. Rf8+ Kg5 56. Rg8+ Kf6 57.
Rf8+ Ke7 58. Rc8 Rb2+ 59. Ke1 Kd6 60. Rd8+ Kc5 61. Rf8 Kc4 62. Rc8+ Kd3 63. Rc1 e3 64. Rd1+ Ke4 65. fxe3 Kxe3 66. Kf1 d3 67. Re1+ Kf3 68.
Rd1 d2 69. Ra1 Rb3 70. Rd1 Ke3 71. Kg2 Rc3 72. Kf1 Rc1 0-1

[Event "*** Titled Tuesday Blitz"]
[Site "Chess.com"]
[Date "2020.05.05"]
[Round "8"]
[White "K_A_S_T_O_R"]
[Black "OparinGrigoriy"]
[Result "0-1"]
[WhiteElo "2783"]
[BlackElo "2930"]
[TimeControl "180+1"]
[EndTime "11:37:19 PDT"]
[Termination "OparinGrigoriy won by resignation"]

1. e4 e5 2. Nf3 Nc6 3. Bb5 a6 4. Ba4 Nf6 5. O-O Nxe4 6. d4 b5 7. Bb3 d5 8. dxe5 Be6 9. c3 Be7 10. Be3 O-O 11. Nbd2 Bg4 12. Nxe4 dxe4 13. Qd5 Qxd5 14.
Bxd5 exf3 15. Bxc6 fxg2 16. Kxg2 Rad8 17. f3 Be6 18. Rfd1 f6 19. exf6 Bxf6 20. a4 Bc4 21.
axb5 axb5 22. Bc5 Rxd1 23. Rxd1 Rd8 24. Rxd8+ Bxd8 25. Be8 Bg5 26. Kf2 Bc1 27. b4 Bd2 28.
Bd4 Kf8 29. Bc6 Bf4 30. h3 g6 31. Be3 g5 32. Be4 h6 33. Bc6 Kf7 34. Bd4 Ke7 35. Bg7 h5 36. Bd4 h4 37. Kg2 Kd6 38. Be8 Be5 39. Bxe5+ Kxe5 40. Kf2 Kf4 41. Bd7 Bd3 42. Bc6 Ke5 43. Ke3 Bf1 44. Bd7 Kd6 45. Bg4 Kd5 46. Kd2 c5 47. bxc5 Kxc5 48. Ke3 Kd5 49. Bf5 Kc4 50. Kd2 Kc5 51. Ke3 Kd5 52. Bg4 Ke5 53. Bd7 Bc4 54. Bg4 Bd5 55. Bd7 Bc4 56. Bg4 Kd5 57. Bf5 Kd6 58. Kd4 Bf1 59. Bg4 Be2 60. Ke3 Bc4 61. f4 gxf4+ 62. Kxf4 Kc5 63. Ke3 Bf1 64. Kd2 Kd5 65. Ke3 Kc4 66. Kd2 Kc5 67.
Bf5 Kd5 68. Ke3 Ke5 69. Bg4 Bc4 70. Bf3 Be6 71. Bg2 Bd7 72. Bf1 Bc8 73. Bg2 Be6 74.
Bf1 Bd7 75. Kf3 Bf5 76. Bg2 Be4+ 77. Kf2 Bxg2 78. Kxg2 Ke4 79. Kf2 Kd3 80. Kf3 Kxc3 81. Kg4 b4 82. Kxh4 b3 83. Kg5 b2 84. h4 b1=Q 85.
h5 Qh7 86. h6 Kd4 87. Kh5 Ke5 88. Kg5 Ke6 89. Kg4 Qxh6 90. Kf3 Qh4 91. Ke3 Qc4 0-1

[Event "*** Titled Tuesday Blitz"]
[Site "Chess.com"]
[Date "2020.05.05"]
[Round "8"]
[White "EugeneRougon"]
[Black "Nikolaj_6"]
[Result "0-1"]
[WhiteElo "2745"]
[BlackElo "2640"]
[TimeControl "180+1"]
[EndTime "11:37:19 PDT"]
[Termination "Nikolaj_6 won by resignation"]

1. e4 c5 2. Nf3 d6 3. d4 cxd4 4. Nxd4 Nf6 5. Nc3 a6 6. Be3 e5 7. Nf3 Qc7 8. a4 Be7 9. a5 O-O 10. Be2 Nc6 11. Bb6 Qd7 12. Nd2 Bd8 13. Nc4 Rb8 14.
O-O Bxb6 15. Nxb6 Qe7 16. Ncd5 Nxd5 17. exd5 Nd4 18. Bd3 Bf5 19. Re1 Bxd3 20. Qxd3 Qc7 21. c3 Nb3 22. Ra4 Nxa5 23. Qe3 Nb3 24. Rc4 Nc5 25. b4 Qxb6 26. bxc5 Qb5 27. Qd3 dxc5 28.
Rb1 Qa5 29. d6 b6 30. Rh4 g6 31. Qe3 f6 32. Rd1 Rf7 33. Rg4 Qa2 34. h4 Qe6 35. Qe2 Rd8 36. h5 g5 37. Rg3 Rxd6 38. Rxd6 Qxd6 39.
Qxa6 Qd1+ 40. Kh2 Qxh5+ 41. Kg1 Qd1+ 42. Kh2 Qd6 43. Qc8+ Kg7 44. Qf5 Qd7 45. Qe4 h6 46. Rd3 Qe6 47. Rd8 f5 48. Qa8 Re7 49. Rh8 Kg6 50. Rg8+ Kh5 51. Qf3+ g4 52. Qa8 e4 53. g3 e3 54. Qf8 Rf7 55. Qd8 Qf6 56. fxe3 Qxd8 57. Rxd8 Re7 58. Rb8 Rxe3 59. Rxb6 Rxc3 60.
Rc6 Kg5 61. Kg2 Rc2+ 62. Kf1 h5 63. Rc8 h4 64. Rg8+ Kf6 65. gxh4 Rh2 66. Rc8 Rxh4 67. Rxc5 Kg5 68. Kg2 Rh3 69. Rc7 Ra3 70. Rg7+ Kf4 71. Rb7 Ra2+ 72. Kg1 Kg5 73. Rg7+ Kh4 74. Rb7 f4 75. Rb3 f3 76. Rb7 Kg3 77. Rb1 Rg2+ 78. Kf1 Rh2 0-1

[Event "*** Titled Tuesday Blitz"]
[Site "Chess.com"]
[Date "2020.05.05"]
[Round "8"]
[White "Fins0905"]
[Black "dpopadic"]
[Result "1-0"]
[WhiteElo "2629"]
[BlackElo "2351"]
[TimeControl "180+1"]
[EndTime "11:37:19 PDT"]
[Termination "Fins0905 won on time"]

1. d4 Nf6 2. c4 g6 3. Nc3 Bg7 4. e4 d6 5. Nf3 O-O 6. Be2 e5 7. dxe5 dxe5 8. Qxd8 Rxd8 9. Nd5 Rd7 10. Nxe5 Nxd5 11.
Nxd7 Nb4 12. Nxb8 Nc2+ 13. Kd1 Nxa1 14. Bf4 Rxb8 15. Kc1 Be6 16. Kb1 f5 17. exf5 Bxf5+ 18. Kxa1 Re8 19. Bd1 Bd3 20. Bb3 Re2 21. c5+ Kf8 22. Bc1 Rxf2 23. Rd1 Rf1 24. Rxf1+ Bxf1 25. g3 Bd4 26. Bf4 Bxc5 27. Bxc7 Bd3 28. Bd5 b6 29. a3 a5 30. Ka2 Ke7 31. Kb3 Kd7 32. Be5 h5 33. Kc3 Ba6 34. b4 axb4+ 35. axb4 Be7 36. Bf7 h4 37. Bxg6 hxg3 38. hxg3 Ke6 39. Bd4 Bd8 40. Be4 Be2 41. Kd2 Bg4 42. Ke3 Bg5+ 43. Kd3 Be7 44. b5 Bd8 45. Ke3 Bc7 46. Kf2 Ke7 47. Bf3 Bd7 48. Be2 Ke6 49. g4 Kd5 50. Be3 Ke4 51.
Bf3+ Ke5 52. Be2 Ke4 53. g5 Kf5 54. Bd3+ Ke6 55. g6 Kf6 56. Bd4+ Ke7 57. g7 Be6 58. Bh7 Kd6 59. g8=Q Bxg8 60. Bxg8 Kd7 61. Kf3 Ke7 62. Ke4 Kd6 63. Bc4 Kd7 64. Kd5 Bd8 65. Be5 Ke7 66.
Kc6 Ke8 67. Bc7 Bg5 68. Bxb6 Bf4 69. Bc5 Kd8 70. Be6 Ke8 71. b6 Kd8 72. b7 Ke8 73. Bh3 Kf7 74. Bd6 Bg5 75. b8=Q Kg6 76. Qc8 Bf6 77. Qf5+ Kf7 78. Qe6+ 1-0

[Event "*** Titled Tuesday Blitz"]
[Site "Chess.com"]
[Date "2020.05.05"]
[Round "8"]
[White "Sashadav97"]
[Black "putra48"]
[Result "1-0"]
[WhiteElo "2763"]
[BlackElo "2626"]
[TimeControl "180+1"]
[EndTime "11:37:20 PDT"]
[Termination "Sashadav97 won by resignation"]

1. d4 Nf6 2. c4 e6 3. Nc3 d5 4. cxd5 exd5 5. Bg5 c6 6. e3 Be7 7. Bd3 Nbd7 8. Nge2 O-O 9. O-O Re8 10. Qc2 Nf8 11. f3 g6 12. Rae1 Ne6 13. Bh4 Nh5 14. Bf2 b5 15.
Kh1 Bb7 16. e4 b4 17. Na4 Nhf4 18. Nxf4 Nxf4 19. e5 Nxd3 20. Qxd3 a5 21. Qd2 Ba6 22. Rg1 Bb5 23. Nc5 Bf8 24. Qf4 Bxc5 25. dxc5 Re6 26.
Bd4 Qe7 27. Rd1 Re8 28. Rd2 Qc7 29. Qh4 Qd8 30. Qg3 Qd7 31. h3 R6e7 32. Qf4 Qc7 33. h4 Re6 34. Qh2 h5 35. f4 R6e7 36. f5 Rxe5 37. Bxe5 Qxe5 38. fxg6 fxg6 39. Qxe5 Rxe5 40. g4 Re4 41. gxh5 Rxh4+ 42. Rh2 Rxh2+ 43. Kxh2 Bd3 44. hxg6 Kg7 45. Re1 Bf5 46. Re7+ Kxg6 47. Ra7 Kf6 48. Rxa5 d4 49. Kg3 Ke5 50. Ra4 d3 51.
Kf2 Kd4 52. Rxb4+ Kxc5 53. Rf4 Bg6 54. Ke3 Kd5 55. Rd4+ Kc5 56. a4 Kb6 57. b4 Bf5 58.
Rd6 Kc7 59. Rxd3 Bxd3 60. Kxd3 c5 61. bxc5 Kc6 62. Kc4 Kc7 63. Kb5 Kb7 64. c6+ Kc7 65. Kc5 Kc8 66. Kd6 Kd8 67. a5 Kc8 68. c7 Kb7 69.
Kd7 Ka7 70. a6 1-0

[Event "*** Titled Tuesday Blitz"]
[Site "Chess.com"]
[Date "2020.05.05"]
[Round "8"]
[White "ChelsieMonica"]
[Black "ama18"]
[Result "1/2-1/2"]
[WhiteElo "2358"]
[BlackElo "2490"]
[TimeControl "180+1"]
[EndTime "11:37:23 PDT"]
[Termination "Game drawn - insufficient material"]

1. c4 Nf6 2. Nc3 c5 3. Nf3 e6 4. e3 d6 5. Be2 a6 6. O-O Qc7 7. b3 b6 8. d4 cxd4 9. Nxd4 Bb7 10. Bb2 Nbd7 11. Rc1 Be7 12. Bf3 O-O 13. Bxb7 Qxb7 14. f4 Rac8 15. f5 e5 16. Nf3 b5 17. Nd5 Nxd5 18.
Qxd5 Qb8 19. cxb5 axb5 20. Nd2 Nf6 21. Qd3 Qa7 22. a3 Qb7 23. b4 Rfe8 24. Nb3 Qd5 25. Qxd5 Nxd5 26. Rxc8 Rxc8 27. Re1 Nb6 28. Na5 Rc2 29. Ba1 f6 30. Nb3 d5 31. Rc1 Rxc1+ 32. Nxc1 Nc4 33. Ne2 Nxa3 34. Nc3 Bxb4 35. Nxd5 Bc5 36.
Bc3 Nc2 37. Kf2 b4 38. Bb2 b3 39. Ke2 Nb4 40. Nxb4 Bxb4 41. Kd3 g6 42. fxg6 hxg6 43. Kc4 Bd2 44. e4 Kf7 45. Kxb3 Ke6 46. Kc4 f5 47.
Kd3 Bf4 48. h3 Bg5 49. Bc3 Be7 50. g4 f4 51. Ke2 Bf6 52. Kf3 Kd6 53. Be1 Kc5 54.
h4 Kc4 55. h5 gxh5 56. gxh5 Kd3 57. Ba5 Kc4 58. Bc7 Kc5 59. Kg4 Kc6 60. Ba5 Kb5 61. Bc3 Kc4 62. Ba1 Bh8 63. Kf3 Kb3 64. Ke2 Kc2 65.
Kf3 Bg7 66. Ke2 Bh8 67. Kf3 Kd3 68. Bb2 Bf6 69. Ba3 Bg7 70. Be7 Kc4 71. Bg5 Kc5 72. Kg4 Kd6 73. Kf3 Ke6 74. Bh4 Bf6 75. Bf2 Kf7 76. Be1 Kg7 77. Bd2 Kh6 78. Bxf4+ exf4 79.
Kxf4 Kxh5 80. Kf5 Bd8 81. Ke6 Bc7 82. Kd7 Be5 83. Ke6 Bf4 84. Kf5 Bg3 85. e5 Bxe5 1/2-1/2

[Event "*** Titled Tuesday Blitz"]
[Site "Chess.com"]
[Date "2020.05.05"]
[Round "8"]
[White "SaySpade4VIP"]
[Black "Korona_91"]
[Result "1/2-1/2"]
[WhiteElo "2621"]
[BlackElo "2467"]
[TimeControl "180+1"]
[EndTime "11:37:24 PDT"]
[Termination "Game drawn by repetition"]

1. d4 g6 2. e4 Bg7 3. Nf3 d6 4. Bc4 e6 5. c3 Ne7 6. O-O d5 7. Bd3 b6 8. Re1 Bb7 9. e5 c5 10. a3 a5 11. Nbd2 c4 12. Bc2 b5 13. Nf1 Nbc6 14. h4 b4 15. Ne3 h5 16. Ng5 b3 17.
Bb1 Qd7 18. Qf3 Nf5 19. Bxf5 gxf5 20. g3 Ne7 21. Ng2 Ng6 22. Nh3 O-O-O 23. Bg5 Rde8 24.
Ngf4 Bh6 25. Nxh5 Bxg5 26. Nxg5 Rxh5 27. Qxh5 f4 28. Qf3 Qe7 29. Nh7 Rh8 30. Nf6 Qf8 31.
h5 Ne7 32. Qxf4 Nf5 33. Kf1 Qg7 34. Ke2 Nh6 35. g4 Bc6 36. Rh1 Kb7 37. Rag1 Kb6 38. f3 Kb7 39. Kd2 Kb6 40. Rh2 Kb7 41. g5 Nf5 42. g6 Nh6 43. Rg5 Nf5 44. Rhg2 fxg6 45. Rxg6 Qf7 46. h6 Kb6 47. h7 Rxh7 48. Nxh7 Qxh7 49.
Rg1 Nh4 50. Qg5 Nxg6 51. Qxg6 Qh2+ 52. Qg2 Qf4+ 53. Kd1 Qe3 54. Re1 Qd3+ 55. Kc1 Be8 56. Qd2 Qxf3 57. Qe2 Qf5 58. Kd2 Bg6 59. Ke3 Qe4+ 60.
Kf2 Qf4+ 61. Qf3 Qd2+ 62. Re2 Qc1 63. Qg4 Bf5 64. Qg8 Qf4+ 65. Ke1 Qc1+ 66. Kf2 Qf4+ 67. Kg2 Be4+ 68. Rxe4 Qxe4+ 69. Kg3 Qe3+ 70. Kg2 Qe2+ 71. Kg3 Qe1+ 72. Kg2 Qd2+ 73. Kf3 Qd1+ 74. Kf2 Qd2+ 75.
Kf3 Qd1+ 76. Kf2 Qc2+ 77. Kf3 Qe4+ 78. Kf2 Qf4+ 79. Kg2 Qe4+ 80. Kf2 Qf4+ 81. Kg2 Qd2+ 82. Kf3 1/2-1/2

[Event "*** Titled Tuesday Blitz"]
[Site "Chess.com"]
[Date "2020.05.05"]
[Round "8"]
[White "davidkalashian"]
[Black "SaqoChess_Twitch"]
[Result "1-0"]
[WhiteElo "2543"]
[BlackElo "2403"]
[TimeControl "180+1"]
[EndTime "11:37:25 PDT"]
[Termination "davidkalashian won by checkmate"]

1. e4 c5 2. Nc3 d6 3. Nf3 Nf6 4. e5 dxe5 5. Nxe5 Nbd7 6. Nc4 e6 7. a4 Be7 8. a5 Rb8 9. d3 Nd5 10. Qf3 N7f6 11. Qg3 Qc7 12. Qxg7 Rg8 13. Qh6 Rg6 14. Qd2 b5 15. axb6 axb6 16. g3 Bb7 17. Ne4 Nd7 18. f3 f5 19. Nf2 b5 20. Ne3 Bg5 21. Qe2 Nb4 22. Bg2 Ne5 23. f4 Bxf4 24. Bxb7 Bxe3 25. Bxe3 Rxb7 26. Bf4 Nbc6 27. O-O h5 28. c3 h4 29. Rfe1 hxg3 30. hxg3 Qg7 31. Bxe5 Nxe5 32. Qxe5 Rxg3+ 33. Kh2 Rg2+ 34. Kh1 Qg6 35. Qxe6+ Kf8 36. Qxg6 Rxg6 37. Nh3 Rh7 38. Kh2 f4 39. Ra8+ Kg7 40. Ra7+ Kh6 41.
Rxh7+ Kxh7 42. Rf1 Rg3 43. Rxf4 Rxd3 44. Rf5 Rd2+ 45.
Kg3 Rxb2 46. Rxc5 Rb3 47. Ng5+ Kg6 48. Nf3 b4 49. c4 Rc3 50. Kf4 b3 51. Rb5 Rxc4+ 52.
Kg3 Rc3 53. Kf4 Kf6 54. Nd4 Ke7 55. Nxb3 Rc4+ 56. Ke3 Kd6 57. Nd4 Rc3+ 58. Ke4 Rc1 59. Rd5+ Kc7 60. Rh5 Re1+ 61. Kd5 Kd8 62. Rh7 Ke8 63.
Nf5 Kf8 64. Ra7 Kg8 65. Nd6 Kf8 66. Ne4 Kg8 67. Ke5 Kf8 68. Kf5 Ke8 69. Nd6+ Kf8 70.
Rf7+ Kg8 71. Rc7 Rf1+ 72. Ke6 Re1+ 73. Kf6 Ra1 74. Rc8+ Kh7 75. Rc7+ Kh6 76. Rc4 Kh5 77. Nf5 Rf1 78. Rh4# 1-0

[Event "*** Titled Tuesday Blitz"]
[Site "Chess.com"]
[Date "2020.05.05"]
[Round "8"]
[White "ChessWarrior7197"]
[Black "Parhamov"]
[Result "0-1"]
[WhiteElo "2871"]
[BlackElo "3025"]
[TimeControl "180+1"]
[EndTime "11:37:27 PDT"]
[Termination "Parhamov won by resignation"]

1. e4 e5 2. Nf3 Nc6 3. Bb5 a6 4. Ba4 Nf6 5. O-O b5 6. Bb3 Bc5 7. c3 d6 8. d4 Bb6 9. Be3 O-O 10. Nbd2 Bg4 11. h3 Bh5 12. dxe5 Nxe5 13. Bxb6 cxb6 14. g4 Bg6 15. Nd4 Nxe4 16. f3 Nc5 17. f4 Qh4 18. Kh2 Bd3 19. fxe5 Bxf1 20. Qxf1 dxe5 21. N2f3 Qf6 22.
Nf5 Rad8 23. Bc2 g6 24. Ng3 Qf4 25. Re1 e4 26. Nd4 Qxf1 27. Rxf1 Rfe8 28. Re1 b4 29. Nxe4 Rxe4 30. Rxe4 Nxe4 31. Bxe4 bxc3 32. bxc3 Re8 33. Bb7 a5 34. a4 Kg7 35. Kg2 Re3 36. c4 Kf6 37. Bd5 Ke5 38. Nc6+ Kd6 39. Nd8 Ra3 40.
Nxf7+ Kc5 41. Ne5 Rxa4 42. Nd7+ Kd4 43. Nxb6 Rb4 44. Nc8 a4 45. Na7 Kc5 46. Nc6 Rb2+ 47. Kf3 a3 48. Ne5 a2 49. Nd3+ Kd4 50. Nxb2 a1=Q 51.
Na4 Qxa4 52. Kf4 Qa3 53. h4 Qe7 54. g5 Qe3+ 55. Kg4 h5+ 56. gxh6 Qxh6 57. Bf7 Qh5+ 58.
Kg3 Qe5+ 59. Kg2 Qe4+ 60. Kg3 Qe5+ 61. Kg2 Qf6 62. Bd5 Qxh4 63. Kf3 Qf6+ 64. Kg4 g5 65.
Kh5 Kc5 66. Be6 Qf4 67. Bg4 Kxc4 68. Be2+ Kd4 69. Bg4 Ke3 70. Bd7 Kf2 71. Kg6 Kg3 0-1

[Event "*** Titled Tuesday Blitz"]
[Site "Chess.com"]
[Date "2020.05.05"]
[Round "8"]
[White "SiddharthGMJagadeesh"]
[Black "RitvarsReimanis"]
[Result "1/2-1/2"]
[WhiteElo "2421"]
[BlackElo "2545"]
[TimeControl "180+1"]
[EndTime "11:37:29 PDT"]
[Termination "Game drawn by repetition"]

1. d4 Nf6 2. c4 e6 3. Nf3 d5 4. g3 Be7 5. Bg2 O-O 6. Nc3 dxc4 7. Ne5 c5 8. dxc5 Qxd1+ 9. Nxd1 Bxc5 10. Nc3 Nc6 11.
Nxc4 Bd7 12. O-O Rfd8 13. Bf4 Be8 14. Rad1 Ng4 15. Ne4 Be7 16. Ned6 e5 17. Bc1 Nd4 18. Bxb7 Rab8 19. Bf3 Bxd6 20. Bxg4 Bc7 21. e3 Bb5 22. b3 f5 23. exd4 fxg4 24. d5 Bd6 25. Rfe1 Rbc8 26. Nxd6 Rxd6 27. Rxe5 Rc2 28. Bf4 Rd7 29. d6 Be2 30.
Re1 Bf3 31. Re8+ Kf7 32. R8e7+ Rxe7 33. Rxe7+ Kf6 34. Re1 Bc6 35. Rd1 Bd7 36. a4 Rb2 37. h4 Rxb3 38. Bg5+ Kf5 39. Be7 Rb7 40. Rd5+ Ke6 41. Rg5 Bxa4 42. Rxg7 Bd7 43. Rxg4 a5 44. Re4+ Kd5 45. Re3 a4 46. Kg2 Rb3 47. Rxb3 axb3 48. Bf6 Kxd6 49. Kf3 Ke6 50. Bb2 Bc6+ 51. Ke3 Kf5 52. f4 h5 53. Kf2 Bd7 54. Ke3 Bb5 55. Kf2 Bc6 56. Ke3 Bb7 57. Bc3 Bc8 58. Bb2 Bd7 59. Bd4 Be8 60. Bb2 Bf7 61. Bd4 Bd5 62. Bb2 Bg2 63. Kf2 Bh3 64. Ke3 Bg4 65. Bd4 Bh3 66.
Bb2 Bg4 67. Bd4 Bd1 68. Bb2 Bc2 69. Bd4 Kg4 70. Kf2 Be4 71. Bb2 Bd5 72. Bd4 Kf5 73.
Ke3 Kg4 74. Kf2 Be6 75. Bb2 Bf5 76.
Bd4 Bh7 77. Bb2 Kf5 78. Ke3 Kg4 79. Kf2 Bg6 80. Bd4 Bc2 81. Bb2 Kf5 82. Ke3 Bb1 83. Bd4 Bc2 84. Bb2 Kg4 85. Kf2 Bf5 86. Bd4 Bc8 87.
Bb2 Kf5 88. Ke3 Bb7 89. Bd4 Bc6 90. Bb2 Bb5 91. Bd4 Bd7 92. Bb2 Kg4 93. Kf2 Bc6 94. Be5 Be4 95. Bb2 Bf5 1/2-1/2

[Event "*** Titled Tuesday Blitz"]
[Site "Chess.com"]
[Date "2020.05.05"]
[Round "8"]
[White "Hasangatin_Ramil"]
[Black "Budisavljevic"]
[Result "0-1"]
[WhiteElo "2516"]
[BlackElo "2412"]
[TimeControl "180+1"]
[EndTime "11:37:32 PDT"]
[Termination "Budisavljevic won on time"]

1. e4 c5 2. Nf3 e6 3. g3 d5 4. exd5 exd5 5. d4 Nf6 6. Bg2 Nc6 7. O-O Be7 8. dxc5 Bxc5 9. Bg5 O-O 10. Nc3 d4 11. Ne4 Be7 12. Bxf6 Bxf6 13. Nc5 Qb6 14. Nd3 Bg4 15. h3 Bf5 16. Nd2 Rfe8 17. Nc4 Qc7 18.
Qf3 Be6 19. Nd2 Rad8 20. Rfe1 Re7 21. Ne4 Be5 22. Ng5 Bd5 23. Qh5 h6 24. Bxd5 Rxd5 25. Nf3 f6 26. Nf4 Rd8 27. Ng6 Re6 28. Qg4 Rde8 29.
Nf4 Rd6 30. Nh5 Qf7 31. Nh4 Ne7 32. f4 f5 33. Qf3 Bf6 34. Nxf6+ Qxf6 35. Re2 Rc8 36.
Rae1 Nd5 37. Qh5 Rdd8 38. Qxf5 Qb6 39. Kh1 Ne3 40. Qg6 Rc6 41. Qd3 Re6 42. f5 Qc6+ 43.
Kh2 Red6 44. Ng2 Nxg2 45. Rxg2 Qd5 46. Rge2 Kh8 47. f6 Rxf6 48. Re8+ Rf8 49. Rxd8 Rxd8 50. Qe4 Qxe4 51. Rxe4 d3 52. cxd3 Rxd3 53. Rb4 Rd2+ 54. Kg1 b6 55. a4 Rc2 56. h4 Kg8 57. h5 Kf7 58. Rb5 Kf6 59. b4 Rb2 60. a5 bxa5 61. Rxa5 Rxb4 62. Kg2 Rb2+ 63. Kh3 Rb7 64. Ra6+ Kf7 65. g4 Ke7 66. Kh4 Kd7 67. Rg6 Kc8 68. Ra6 Kb8 69. Ra4 Rb6 70. g5 Kb7 71. gxh6 gxh6 72.
Ra5 a6 73. Rf5 Rd6 74. Kg4 Kb6 75. Kf4 a5 76. Ke5 Rc6 77. Rf1 Rc5+ 0-1

[Event "*** Titled Tuesday Blitz"]
[Site "Chess.com"]
[Date "2020.05.05"]
[Round "8"]
[White "Funkmaus"]
[Black "gui_borba"]
[Result "0-1"]
[WhiteElo "2214"]
[BlackElo "2368"]
[TimeControl "180+1"]
[EndTime "11:37:34 PDT"]
[Termination "gui_borba won by resignation"]

1. d4 Nf6 2. Nf3 e6 3. c4 d5 4. cxd5 exd5 5. Nc3 c6 6. Bf4 Bd6 7. Bg3 Bf5 8. e3 O-O 9. Bd3 Bxd3 10. Qxd3 a5 11.
O-O Bxg3 12. hxg3 Re8 13. a3 Nbd7 14. b4 Ne4 15. Nd2 axb4 16. axb4 Nxc3 17. Qxc3 Qb6 18. Nb3 Qb5 19. Nc5 Nf6 20. Ra5 Rxa5 21. bxa5 Ne4 22. Nxe4 dxe4 23. Ra1 Re6 24. Qc2 h5 25. Qb1 Qa6 26.
Qb6 Qxb6 27. axb6 Re7 28. Ra8+ Kh7 29. Rc8 Kg6 30. Rc7 Kf6 31. f3 exf3 32. gxf3 Ke6 33. Rc8 Kd5 34. Rc7 Kd6 35. Rc8 Rxe3 36. Kf2 Rb3 37.
Rc7 Rxb6 38. Rxf7 Kd5 39. Rxg7 Kxd4 40. Rg5 Rb2+ 41. Ke1 Ke3 42. Re5+ Kxf3 43. Rxh5 Kxg3 44. Rh7 Kf4 45. Kd1 Ke4 46. Kc1 Rb5 47. Kc2 Kd5 48. Rd7+ Kc5 49. Kc3 Kb6 50. Rd1 Rh5 51. Kc4 Rh4+ 52.
Kc3 Kc5 53. Rd7 b5 54. Rg7 Rh3+ 55. Kb2 b4 56. Rg4 Kb5 57. Kc2 c5 58. Rg5 Rh4 59. Kb3 Rh3+ 60. Kb2 Kc4 61. Rg4+ Kd5 62. Rg5+ Kc6 63.
Rg6+ Kb5 64. Rg5 Rh8 65. Rf5 Re8 66. Rh5 Re3 67. Rg5 Re2+ 68. Kb3 Re3+ 69. Kb2 Rc3 70. Rf5 Ka4 71. Rf8 Rh3 72. Ra8+ Kb5 73. Rb8+ Kc4 74. Rc8 Rh2+ 75. Kc1 Kd4 76. Rd8+ Kc3 77. Kb1 b3 78. Rd1 c4 79. Rc1+ Kb4 80. Rd1 c3 81. Rg1 Ka3 0-1

[Event "*** Titled Tuesday Blitz"]
[Site "Chess.com"]
[Date "2020.05.05"]
[Round "8"]
[White "Onischuk_V"]
[Black "PaulfromSPb"]
[Result "1/2-1/2"]
[WhiteElo "2731"]
[BlackElo "2625"]
[TimeControl "180+1"]
[EndTime "11:37:39 PDT"]
[Termination "Game drawn - insufficient material"]

1. e4 c5 2. Nf3 d6 3. d4 cxd4 4.
Nxd4 Nf6 5. Nc3 a6 6. a4 Nc6 7.
Nxc6 bxc6 8. a5 g6 9. Be3 Bg7 10. e5 Ng4 11. Bb6 Qd7 12. exd6 exd6 13. Qe2+ Qe6 14.
O-O-O d5 15. Qxe6+ Bxe6 16. f3 Ne5 17. Na4 Nd7 18.
Nc5 Nxc5 19. Bxc5 Kd7 20. Rd3 Rhb8 21. Bb6 Be5 22. Rb3 Bc7 23. Bd3 Bxb6 24. Rxb6 Rxb6 25. axb6 Kc8 26. Kd2 Kb7 27. Ke3 Kxb6 28. Kf4 Re8 29. Kg5 Bf5 30. Bxf5 gxf5 31. Kxf5 Re2 32. g4 Rxc2 33. f4 d4 34. b3 Kc5 35. Kf6 d3 36. Kxf7 d2 37. Rd1 Kd4 38. f5 Ke3 39. f6 Rc1 40.
Rxd2 Kxd2 41. Kg7 Rf1 42. g5 Kc3 43. Kxh7 Kxb3 44. Kg7 a5 45. f7 a4 46. f8=Q Rxf8 47. Kxf8 a3 48. g6 a2 49. g7 a1=Q 50. g8=Q+ Kb4 51.
Qg4+ Kb5 52. h4 Qf6+ 53. Kg8 c5 54. h5 c4 55. Qd7+ Kb4 56. Qb7+ Kc3 57. Qd5 Kb4 58. Qe4 Kb3 59. Qe3+ c3 60. h6 Qg6+ 61. Kf8 Qf6+ 62. Ke8 Qg6+ 63. Kd7 Kb2 64. Qe6 Qh7+ 65. Kd6 c2 66.
Qe5+ Kb1 67. Qb5+ Ka2 68. Qa5+ Kb3 69. Qb5+ Kc3 70. Qc5+ Kb2 71. Qb5+ Ka1 72. Qa5+ Kb1 73. Qb5+ Kc1 74. Qg5+ Kd1 75. Qg1+ Kd2 76. Qf2+ Kc3 77. Qe3+ Qd3+ 78. Qxd3+ Kxd3 79. h7 c1=Q 80. h8=Q Qa3+ 81.
Ke6 Qb3+ 82. Ke7 Qb4+ 83. Kf7 Qd4 84. Kg8 Qxh8+ 85. Kxh8 1/2-1/2

[Event "*** Titled Tuesday Blitz"]
[Site "Chess.com"]
[Date "2020.05.05"]
[Round "8"]
[White "barbara25"]
[Black "WonderChampion"]
[Result "1-0"]
[WhiteElo "2222"]
[BlackElo "1847"]
[TimeControl "180+1"]
[EndTime "11:37:40 PDT"]
[Termination "barbara25 won by checkmate"]

1. e4 c5 2. Nf3 g6 3. d4 cxd4 4. Nxd4 Nc6 5. c4 Nf6 6. Nc3 Nxd4 7. Qxd4 d6 8. f3 Bg7 9. Be3 O-O 10. Qd2 Bd7 11.
Be2 a5 12. O-O a4 13. Rac1 Qa5 14. Rfd1 Rfc8 15. Bg5 Be6 16. Nd5 Qxd2 17. Rxd2 Bxd5 18. exd5 a3 19. b3 b5 20. Rcc2 bxc4 21. Bxc4 Rc7 22.
Kf2 Rac8 23. g4 h6 24. Be3 Nd7 25. h4 Ne5 26. Rd4 f5 27. gxf5 gxf5 28. Ke2 Kh7 29. Rf4 Kg6 30. Kd1 Kf6 31. Bd4 Rb8 32.
Bd3 Rxc2 33. Bxc2 e6 34. dxe6 Kxe6 35. Bxf5+ Ke7 36. Bc2 Rc8 37. Re4 Kd7 38. f4 Nf3 39.
Bxg7 Rg8 40. Bxh6 Rg1+ 41. Ke2 Nh2 42. Rc4 Rg2+ 43. Kd3 Rg3+ 44. Kd4 Rg2 45. Bf5+ Ke7 46. Bg5+ Kf7 47. Rc7+ Ke8 48. Bg6+ Kf8 49. Rc8+ Kg7 50. h5 Nf3+ 51. Ke4 Nxg5+ 52. fxg5 Rxg5 53. Rc7+ Kf6 54. Ra7 Re5+ 55. Kd4 Re1 56. Rxa3 Rd1+ 57. Kc3 Rc1+ 58. Kd2 Rh1 59. Ra6 Rh2+ 60. Kd3 Rh3+ 61. Kd4 Rh4+ 62. Kd5 Rh1 63. Rxd6+ Kg5 64. Kc6 Rc1+ 65. Kb5 Ra1 66. a4 Re1 67. b4 Re5+ 68. Kc6 Re8 69. b5 Rc8+ 70. Kb7 Rg8 71. a5 Rg7+ 72. Kb6 Rg8 73. a6 Rb8+ 74. Ka5 Rf8 75. a7 Rf1 76. b6 Ra1+ 77. Kb5 Ra2 78. Kc6 Ra3 79. Kb7 Rc3 80. a8=Q Rc4 81. Qd8+ Kh6 82. Be4+ Kg7 83. Qd7+ Kf8 84.
Rf6+ Kg8 85. Qf7+ Kh8 86. Rh6# 1-0